Map: Galactic Process LE

Players

Fropez - Winner!

  • Race: Protoss Protoss
  • Spawn Location: 1:00

Pedrinho

  • Race: Terran Terran
  • League: Platinum
  • Spawn Location: 7:00

VOD

Have the link to the VOD?

Description

Time

  • Played on: Oct. 18, 2016, 6:01 p.m.
  • Length: 7:55
Show
View Real Time Build Order
Export as new Build Order

Fropez Protoss - Winner!

Build Orders: 1 Gate Expand 

Get SALT Encoding   

  12  0:01  Probe (Chrono Boost)  
  13  0:11  Probe (Chrono Boost)  
  14  0:18  Pylon  
  14  0:22  Probe (Chrono Boost)  
  15  0:31  Assimilator  
  15  0:37  Probe (Chrono Boost)  
  16  0:44  Gateway  
  16  0:47  Probe (Chrono Boost)  
  17  0:58  Probe (Chrono Boost)  
  18  1:08  Probe (Chrono Boost)  
  19  1:15  Gateway  
  19  1:28  Probe (Chrono Boost)  
  20  1:37  Nexus  
  20  1:41  Probe (Chrono Boost)  
  21  1:47  Assimilator  
  21  1:55  Pylon  
  21  1:56  Probe (Chrono Boost)  
  22  2:07  Probe (Chrono Boost)  
  23  2:20  Probe (Chrono Boost)  
  23  2:21  Cybernetics Core  
  24  2:34  Probe (Chrono Boost)  
  24  2:35  Pylon  
  25  2:45  Probe (Chrono Boost)  
  25  2:49  Probe (Chrono Boost)  
  27  2:58  Stalker x2  
  31  3:00  Warp Gate (Chrono Boost)  
  31  3:05  Mothership Core (Chrono Boost)  
  33  3:06  Probe (Chrono Boost)  
  34  3:15  Pylon  
  34  3:18  Probe (Chrono Boost)  
  34  3:19  Pylon  
  35  3:23  Probe (Chrono Boost)  
  36  3:29  Probe (Chrono Boost)  
  37  3:34  Pylon  
  37  3:35  Probe (Chrono Boost)  
  37  3:39  Probe (Chrono Boost), Stalker  
  41  3:43  Stalker  
  43  3:49  Pylon  
  43  3:52  Probe (Chrono Boost)  
  43  3:53  Probe (Chrono Boost)  
  45  4:02  Twilight Council  
  45  4:03  Probe (Chrono Boost)  
  45  4:07  Probe  
  47  4:13  Forge  
  47  4:14  Probe  
  48  4:17  Probe  
  48  4:20  Assimilator, Stalker  
  51  4:25  Stalker  
  53  4:33  Gateway, Protoss Ground Weapons Level 1 (Chrono Boost)  
  53  4:36  Probe  
  53  4:37  Probe  
  55  4:48  Probe, Assimilator  
  55  4:49  Resonating Glaives (Chrono Boost)  
  56  5:11  Gateway  
  56  5:19  Gateway  
  56  5:22  Probe x2  
  56  5:23  Pylon  
  58  5:29  Adept x3  
  58  5:34  Probe x2  
  66  5:45  Gateway  
  66  5:46  Probe x2  
  68  5:50  Adept x3  
  74  5:58  Probe x2  
  76  6:07  Nexus  
  76  6:10  Pylon  
  77  6:17  Pylon  
  76  6:18  Adept x2  
  76  6:19  Adept  
  76  6:23  Adept  
  76  6:24  Adept  
  83  6:41  Pylon  
  83  7:00  Stalker x3  
  83  7:01  Stalker x2  
  93  7:08  Probe x2  
  89  7:51  Stalker x3  
  89  7:52  Stalker x3  
Show
View Real Time Build Order
Export as new Build Order

Pedrinho Terran 

Build Orders: MMM Bio 

Get SALT Encoding   

  12  0:02  SCV  
  13  0:20  Supply Depot  
  13  0:23  SCV  
  14  0:35  SCV  
  15  0:46  Refinery  
  15  0:48  SCV  
  16  0:56  Barracks  
  16  1:10  SCV  
  17  1:21  Barracks  
  17  1:22  SCV  
  18  1:39  SCV  
  19  1:43  Refinery  
  19  1:53  Barracks  
  19  2:03  SCV  
  20  2:08  Supply Depot  
  20  2:15  SCV  
  22  2:26  Barracks Tech Lab  
  21  2:41  Factory  
  21  2:42  Barracks  
  21  2:48  Marine  
  21  2:51  Combat Shields  
  22  3:01  Barracks Reactor  
  22  3:07  Marauder  
  24  3:20  Engineering Bay  
  24  3:23  Orbital Command  
  24  3:34  Barracks Reactor  
  24  3:40  Factory Tech Lab  
  24  3:54  Starport  
  24  3:55  Starport  
  24  4:04  Siege Tank  
  27  4:17  Supply Depot  
  27  4:18  Marine x2  
  27  4:22  Marine  
  30  4:27  Marine  
  31  4:41  Supply Depot  
  31  4:43  Medivac  
  33  4:46  Medivac  
  35  5:10  Supply Depot  
  35  5:22  Terran Infantry Weapons Level 1  
  35  5:31  Marine  
  35  5:32  Marine x2, Marauder  
  40  5:37  Stimpack  
  40  5:40  Supply Depot  
  40  5:53  Marauder  
  42  5:59  Command Center  
  42  6:15  Marauder  
  34  6:54  Marine x2, Reaper x3  
  37  7:11  Marine  
  37  7:12  Reaper  
  35  7:26  Marine  
  35  7:29  Marine  
Tags
 
Composition
MMM Bio
League
Platinum
Matchup
PvT
Replay Pack
All Mines
Spawn Locations
Cross Positions
Add a new tag
Caveats
  • Supply blocks, unpowered buildings, or Contaminate may cause inaccurate times.
  • Supply counts are checked every 10 seconds.